| TOP OF THE 1ST |
|
Fresno Grizzlies batting - Pitching for Scranton WB RailRiders : RHP Joe Kimbrough
|
|
Pitching: RHP Joe Kimbrough
|
|
|
Batting: SHB Bryan Johnston
|
0-0: Ball 1-0: Ball 2-0: Fly out, F9 (Line Drive, 9S, EV 86.9 MPH)
|
|
Batting: RHB Ramon Castellon
|
0-0: Fly out, F9 (Flyball, 9, EV 84.4 MPH)
|
|
Batting: SHB Paskar Adegoke
|
0-0: Ball 1-0: Ball 2-0: Called Strike 2-1: Foul Ball, location: 2F 2-2: Strikes out swinging
|
| Top of the 1st over - 0 runs, 0 hits, 0 errors, 0 left on base; Fresno 0 - Scranton WB 0 |
| BOTTOM OF THE 1ST |
|
Scranton WB RailRiders batting - Pitching for Fresno Grizzlies : RHP Andy Harrigan
|
|
Pitching: RHP Andy Harrigan
|
|
|
Batting: RHB Devon Utley
|
0-0: Ball 1-0: Foul Ball, location: 2F 1-1: Ball 2-1: Foul Ball, location: 2F 2-2: Ball 3-2: Foul Ball, location: 2F 3-2: DOUBLE (Line Drive, 8RXD, EV 100.6 MPH)
|
|
Batting: RHB Andy Wasierski
|
0-0: Ball 1-0: Called Strike 1-1: Ball Devon Utley is caught stealing 3rd base 2-5 2-1: Foul Ball, location: 2F 2-2: Ball 3-2: Foul Ball, location: 2F 3-2: Ground out 5-3 (Groundball, 5L, EV 97.5 MPH)
|
|
Batting: SHB Mukhtar Wa'il
|
0-0: Ball 1-0: Ball 2-0: Ground out 1-3 (Groundball, 13S, EV 68.1 MPH)
|
| Bottom of the 1st over - 0 runs, 1 hit, 0 errors, 0 left on base; Fresno 0 - Scranton WB 0 |
| TOP OF THE 2ND |
|
Fresno Grizzlies batting - Pitching for Scranton WB RailRiders : RHP Joe Kimbrough
|
|
Batting: RHB Elijah Hunter
|
0-0: Foul Ball, location: 2F 0-1: Ball 1-1: Ball 2-1: DOUBLE (Line Drive, 78XD, EV 101.9 MPH)
|
|
Batting: RHB Marty King
|
0-0: Ball 1-0: Ball 2-0: Ball 3-0: Base on Balls
|
|
Batting: RHB Mark Marks
|
0-0: Ball 1-0: Called Strike 1-1: Ball 2-1: Called Strike 2-2: Foul Ball, location: 2F 2-2: Strikes out swinging
|
|
Batting: RHB Nick Deegan
|
0-0: Called Strike 0-1: Called Strike 0-2: Foul Ball, location: 2F 0-2: Fly out, F4 (Popup, 4M, EV 71.9 MPH)
|
|
Batting: RHB Edgar Trejo
|
0-0: Called Strike 0-1: Ball 1-1: Ball 2-1: Fly out, F8 (Flyball, 8LXD, EV 103.8 MPH)
|
| Top of the 2nd over - 0 runs, 1 hit, 0 errors, 2 left on base; Fresno 0 - Scranton WB 0 |
| BOTTOM OF THE 2ND |
|
Scranton WB RailRiders batting - Pitching for Fresno Grizzlies : RHP Andy Harrigan
|
|
Batting: SHB Ryan Buchbinder
|
0-0: Called Strike 0-1: Ground out 4-3 (Groundball, 34, EV 101.9 MPH)
|
|
Batting: LHB Dan Morris
|
0-0: Ball 1-0: SOLO HOME RUN (Line Drive, 7D, EV 94.4 MPH), Distance : 368 ft
|
|
Batting: LHB Jose Lebron
|
0-0: Ball 1-0: Foul Ball, location: 2F 1-1: Foul Ball, location: 2F 1-2: Ball 2-2: Strikes out looking
|
|
Batting: SHB Jose Vargas
|
0-0: Ball 1-0: Ground out 3-1 (Groundball, 34, EV 86.2 MPH)
|
| Bottom of the 2nd over - 1 run, 1 hit, 0 errors, 0 left on base; Fresno 0 - Scranton WB 1 |
| TOP OF THE 3RD |
|
Fresno Grizzlies batting - Pitching for Scranton WB RailRiders : RHP Joe Kimbrough
|
|
Batting: RHB Xavier Castaneda
|
0-0: Foul Ball, location: 2F 0-1: Ball 1-1: Called Strike 1-2: Ball 2-2: SINGLE (Flyball, 78S, EV 97.5 MPH)
|
|
Batting: SHB Bryan Johnston
|
0-0: Ball 1-0: Called Strike 1-1: SINGLE (Line Drive, 9S, EV 91.2 MPH) Xavier Castaneda to second Runner from 2nd tries for 3rd, SAFE, throw by RF made to third
|
|
Batting: RHB Ramon Castellon
|
0-0: Ball 1-0: Swinging Strike 1-1: Fly out, F9 (Flyball, 9D, EV 95.6 MPH) Runner from 3rd tags up, SCORES, no throw by RF
|
|
Batting: SHB Paskar Adegoke
|
0-0: Called Strike 0-1: DOUBLE (Line Drive, 89D, EV 107.5 MPH) Bryan Johnston to third
|
|
Batting: RHB Elijah Hunter
|
0-0: SINGLE (Groundball, 6D, EV 98.8 MPH) Bryan Johnston scores Paskar Adegoke to third
|
|
Batting: RHB Marty King
|
0-0: SINGLE (Flyball, 4D, EV 89.4 MPH) Paskar Adegoke scores Elijah Hunter to second
|
|
Batting: RHB Mark Marks
|
0-0: Ball 1-0: Ball 2-0: Called Strike 2-1: Swinging Strike 2-2: Fly out, F8 (Flyball, 78XD, EV 91.2 MPH) Runner from 2nd tags up, SAFE at 3rd, no throw by CF
|
|
Batting: RHB Nick Deegan
|
0-0: Called Strike 0-1: Ball 1-1: Called Strike 1-2: Ball 2-2: Fly out, F8 (Flyball, 89M, EV 84.4 MPH)
|
| Top of the 3rd over - 3 runs, 5 hits, 0 errors, 2 left on base; Fresno 3 - Scranton WB 1 |
| BOTTOM OF THE 3RD |
|
Scranton WB RailRiders batting - Pitching for Fresno Grizzlies : RHP Andy Harrigan
|
|
Batting: RHB Josh Zoglmann
|
0-0: Ball 1-0: Called Strike 1-1: Called Strike 1-2: Ball 2-2: Fly out, F8 (Flyball, 8RD, EV 100.0 MPH)
|
|
Batting: SHB Joe Fure
|
0-0: Reached on error, E5 (Groundball, 56, EV 100.6 MPH)
|
|
Batting: RHB Devon Utley
|
0-0: Ball 1-0: Ball 2-0: Called Strike 2-1: Foul Ball, location: 2F 2-2: Strikes out swinging
|
|
Batting: RHB Andy Wasierski
|
0-0: Ball 1-0: Foul Ball, location: 2F 1-1: Ball 2-1: Ball 3-1: Called Strike 3-2: Base on Balls
|
|
Batting: SHB Mukhtar Wa'il
|
0-0: Ball 1-0: Ball 2-0: Ball 3-0: Base on Balls Joe Fure to third Andy Wasierski to second
|
|
Batting: SHB Ryan Buchbinder
|
0-0: Foul Ball, location: 2F 0-1: Swinging Strike 0-2: Ball 1-2: Ball Passed Ball! Joe Fure scores Andy Wasierski to third Mukhtar Wa'il to second 2-2: SINGLE (Groundball, 6, EV 96.2 MPH) Andy Wasierski scores Mukhtar Wa'il to third Runner from 3rd tries for Home, SAFE, throw by LF to home
|
|
Batting: LHB Dan Morris
|
0-0: Called Strike 0-1: Ground out 5-3 (Groundball, 56S, EV 71.2 MPH)
|
| Bottom of the 3rd over - 3 runs, 1 hit, 1 error, 1 left on base; Fresno 3 - Scranton WB 4 |
| TOP OF THE 4TH |
|
Fresno Grizzlies batting - Pitching for Scranton WB RailRiders : RHP Joe Kimbrough
|
|
Batting: RHB Edgar Trejo
|
0-0: Ball 1-0: DOUBLE (Line Drive, 89D, EV 110.6 MPH)
|
|
Batting: RHB Xavier Castaneda
|
0-0: Fly out, F9 (Flyball, 9, EV 86.9 MPH)
|
|
Batting: SHB Bryan Johnston
|
0-0: Ball 1-0: Foul Ball, location: 2F 1-1: Foul Ball, location: 2F 1-2: Ball 2-2: Strikes out swinging
|
|
Batting: RHB Ramon Castellon
|
0-0: Ball 1-0: Ground out 4-3 (Groundball, 4, EV 93.8 MPH)
|
| Top of the 4th over - 0 runs, 1 hit, 0 errors, 1 left on base; Fresno 3 - Scranton WB 4 |
| BOTTOM OF THE 4TH |
|
Scranton WB RailRiders batting - Pitching for Fresno Grizzlies : RHP Andy Harrigan
|
|
Batting: LHB Jose Lebron
|
0-0: Ball 1-0: Called Strike 1-1: Foul Ball, location: 2F 1-2: Ball 2-2: Ball 3-2: Foul Ball, location: 2F 3-2: Ground out U3 (Groundball, 3, EV 100.6 MPH)
|
|
Batting: SHB Jose Vargas
|
0-0: Ball 1-0: SINGLE (Line Drive, 9S, EV 95.6 MPH)
|
|
Batting: RHB Josh Zoglmann
|
0-0: Grounds into double play, 5-4-3 (Groundball, 56, EV 77.5 MPH)
|
| Bottom of the 4th over - 0 runs, 1 hit, 0 errors, 0 left on base; Fresno 3 - Scranton WB 4 |
| TOP OF THE 5TH |
|
Fresno Grizzlies batting - Pitching for Scranton WB RailRiders : RHP Joe Kimbrough
|
|
Batting: SHB Paskar Adegoke
|
0-0: Called Strike 0-1: Foul Ball, location: 2F 0-2: Strikes out looking
|
|
Batting: RHB Elijah Hunter
|
0-0: Ball 1-0: Ball 2-0: Ball 3-0: Base on Balls
|
|
Pitching: RHP Devon Wiley
|
|
|
Batting: RHB Marty King
|
0-0: Ball 1-0: Ball 2-0: Ball 3-0: Base on Balls Elijah Hunter to second
|
|
Batting: RHB Mark Marks
|
0-0: Ball 1-0: Called Strike 1-1: Ball 2-1: Ball 3-1: Swinging Strike 3-2: Strikes out swinging
|
|
Batting: RHB Nick Deegan
|
0-0: Called Strike 0-1: Called Strike 0-2: Strikes out swinging
|
| Top of the 5th over - 0 runs, 0 hits, 0 errors, 2 left on base; Fresno 3 - Scranton WB 4 |
| BOTTOM OF THE 5TH |
|
Scranton WB RailRiders batting - Pitching for Fresno Grizzlies : RHP Andy Harrigan
|
|
Pitching: RHP Mike Wirick
|
|
|
Batting: SHB Joe Fure
|
0-0: Called Strike 0-1: Swinging Strike 0-2: Foul Ball, location: 2F 0-2: Ball 1-2: Ball 2-2: SINGLE (Groundball, 25, EV 68.8 MPH) (infield hit)
|
|
Batting: RHB Devon Utley
|
0-0: Grounds into double play, 6-4-3 (Groundball, 6, EV 104.4 MPH)
|
|
Batting: RHB Andy Wasierski
|
0-0: Swinging Strike 0-1: Ball 1-1: Ball 2-1: Foul Ball, location: 2F 2-2: Foul Ball, location: 2F 2-2: SINGLE (Groundball, 6S, EV 60.6 MPH) (infield hit)
|
|
Batting: SHB Mukhtar Wa'il
|
0-0: Ball 1-0: Ball 2-0: Called Strike 2-1: Ground out 4-3 (Groundball, 4S, EV 68.8 MPH)
|
| Bottom of the 5th over - 0 runs, 2 hits, 0 errors, 1 left on base; Fresno 3 - Scranton WB 4 |
| TOP OF THE 6TH |
|
Fresno Grizzlies batting - Pitching for Scranton WB RailRiders : RHP Devon Wiley
|
|
Batting: RHB Edgar Trejo
|
0-0: Called Strike 0-1: Ball 1-1: Foul Ball, location: 2F 1-2: Strikes out swinging
|
|
Batting: RHB Xavier Castaneda
|
0-0: Ball 1-0: Ball 2-0: Called Strike 2-1: Foul Ball, location: 2F 2-2: Ground out 6-3 (Groundball, 4MS, EV 90.0 MPH)
|
|
Batting: SHB Bryan Johnston
|
0-0: Swinging Strike 0-1: Called Strike 0-2: Ball 1-2: Strikes out swinging
|
| Top of the 6th over - 0 runs, 0 hits, 0 errors, 0 left on base; Fresno 3 - Scranton WB 4 |
| BOTTOM OF THE 6TH |
|
Scranton WB RailRiders batting - Pitching for Fresno Grizzlies : RHP Mike Wirick
|
|
Batting: SHB Ryan Buchbinder
|
0-0: Foul Ball, location: 2F 0-1: Ground out U3 (Groundball, 3, EV 100.0 MPH)
|
|
Batting: LHB Dan Morris
|
0-0: Ball 1-0: Foul Ball, location: 2F 1-1: Swinging Strike 1-2: Strikes out swinging, 2-3 out at first.
|
|
Batting: LHB Jose Lebron
|
0-0: Ball 1-0: Foul Ball, location: 2F 1-1: Foul Ball, location: 2F 1-2: Foul Ball, location: 2F 1-2: Ball 2-2: Foul Ball, location: 2F 2-2: Ball 3-2: Base on Balls
|
|
Batting: SHB Jose Vargas
|
0-0: Ball 1-0: Called Strike 1-1: Swinging Strike 1-2: Strikes out looking
|
| Bottom of the 6th over - 0 runs, 0 hits, 0 errors, 1 left on base; Fresno 3 - Scranton WB 4 |
| TOP OF THE 7TH |
|
Fresno Grizzlies batting - Pitching for Scranton WB RailRiders : RHP Devon Wiley
|
|
Pitching: LHP Ramon Escobedo
|
|
|
Batting: RHB Ramon Castellon
|
0-0: Ball 1-0: Swinging Strike 1-1: Ball 2-1: Foul Ball, location: 2F 2-2: Strikes out looking
|
|
Batting: SHB Paskar Adegoke
|
0-0: Foul Ball, location: 2F 0-1: Ball 1-1: Ball 2-1: Fly out, F7 (Flyball, 78M, EV 89.4 MPH)
|
|
Batting: RHB Elijah Hunter
|
0-0: Called Strike 0-1: Fly out, F9 (Flyball, 9LM, EV 80.0 MPH)
|
| Top of the 7th over - 0 runs, 0 hits, 0 errors, 0 left on base; Fresno 3 - Scranton WB 4 |
| BOTTOM OF THE 7TH |
|
Scranton WB RailRiders batting - Pitching for Fresno Grizzlies : RHP Mike Wirick
|
|
Pitching: RHP Jordan Tejeda
|
|
|
Batting: RHB Josh Zoglmann
|
0-0: Ball 1-0: Ball 2-0: Swinging Strike 2-1: Ball 3-1: Ground out 6-3 (Groundball, 6S, EV 61.2 MPH)
|
|
Batting: SHB Joe Fure
|
0-0: Ball 1-0: Ball 2-0: Foul Ball, location: 2F 2-1: Foul Ball, location: 2F 2-2: Ball 3-2: Strikes out swinging
|
|
Batting: RHB Devon Utley
|
0-0: Ground out 4-3 (Groundball, 4, EV 80.0 MPH)
|
| Bottom of the 7th over - 0 runs, 0 hits, 0 errors, 0 left on base; Fresno 3 - Scranton WB 4 |
| TOP OF THE 8TH |
|
Fresno Grizzlies batting - Pitching for Scranton WB RailRiders : LHP Ramon Escobedo
|
|
Pitching: RHP Jim Milch
|
|
|
Batting: RHB Marty King
|
0-0: Ground out 4-3 (Groundball, 4, EV 81.2 MPH)
|
|
Batting: RHB Mark Marks
|
0-0: Ball 1-0: Called Strike 1-1: Foul Ball, location: 2F 1-2: Foul Ball, location: 2F 1-2: Strikes out swinging
|
|
Batting: RHB Nick Deegan
|
0-0: Ball 1-0: Foul Ball, location: 2F 1-1: Foul Ball, location: 2F 1-2: Ball 2-2: Ball 3-2: Ground out U3 (Groundball, 3, EV 109.4 MPH)
|
| Top of the 8th over - 0 runs, 0 hits, 0 errors, 0 left on base; Fresno 3 - Scranton WB 4 |
| BOTTOM OF THE 8TH |
|
Scranton WB RailRiders batting - Pitching for Fresno Grizzlies : RHP Jordan Tejeda
|
|
Batting: RHB Andy Wasierski
|
0-0: Ball 1-0: Ball 2-0: Foul Ball, location: 2F 2-1: Called Strike 2-2: Fly out, F7 (Flyball, 7, EV 91.2 MPH)
|
|
Batting: SHB Mukhtar Wa'il
|
0-0: SINGLE (Groundball, 4MD, EV 103.8 MPH)
|
|
Batting: SHB Ryan Buchbinder
|
0-0: Ball 1-0: Ball 2-0: Called Strike 2-1: Ground out 5-3 (Groundball, 5, EV 86.9 MPH) Mukhtar Wa'il to second
|
|
Batting: LHB Dan Morris
|
0-0: Ball 1-0: Foul Ball, location: 2F 1-1: Ball 2-1: Swinging Strike 2-2: Foul Ball, location: 2F 2-2: Ball 3-2: Foul Ball, location: 2F 3-2: Foul Ball, location: 2F 3-2: Base on Balls
|
|
Pinch Runner at 2nd Jerry Castro:
|
|
|
Batting: LHB Jose Lebron
|
0-0: 3-RUN HOME RUN (Flyball, 9D, EV 101.9 MPH), Distance : 377 ft
|
|
Pitching: RHP Jayson Campbell
|
|
|
Batting: SHB Jose Vargas
|
0-0: Ball 1-0: Called Strike 1-1: Called Strike 1-2: Ball 2-2: Strikes out swinging
|
| Bottom of the 8th over - 3 runs, 2 hits, 0 errors, 0 left on base; Fresno 3 - Scranton WB 7 |
| TOP OF THE 9TH |
|
Fresno Grizzlies batting - Pitching for Scranton WB RailRiders : RHP Jim Milch
|
|
Pitching: RHP Ray Richards
|
|
|
Now at 1B: Paul Diaz
|
|
|
Batting: RHB Edgar Trejo
|
0-0: Ball 1-0: Called Strike 1-1: Swinging Strike 1-2: Ground out 5-3 (Groundball, 56S, EV 84.4 MPH)
|
|
Batting: RHB Xavier Castaneda
|
0-0: Called Strike 0-1: Ball 1-1: Ball 2-1: Fly out, F6 (Flyball, 56D, EV 91.2 MPH)
|
|
Batting: SHB Bryan Johnston
|
0-0: Called Strike 0-1: Ball 1-1: Ball 2-1: Fly out, F7 (Line Drive, 7D, EV 90.0 MPH)
|
| Top of the 9th over - 0 runs, 0 hits, 0 errors, 0 left on base; Fresno 3 - Scranton WB 7 |
|